 Dungeon Sprint DCSS version 0.31-a0-536-ga3e2962e35 (webtiles) character file.

Game seed: 4169492714392648114

1894 Conn the Arsonist (level 9, -2/55 HPs)
             Began as an Octopode Fire Elementalist on Aug 13, 2023.
             Was a Priest of Sif Muna.
             Slain by a skeletal warrior
             ... wielding a +0 glaive
              (31 damage)
             ... in the Dungeon (Sprint IX: "|||||||||||||||||||||||||||||").
             The game lasted 00:03:35 (303 turns).

Conn the Arsonist (Octopode Fire Elementalist)       Turns: 303, Time: 00:03:36

Health: -2/55      AC:  3    Str:  8    XL:     9   Next: 15%
Magic:  5/22       EV: 17    Int: 21    God:    Sif Muna [***...]
Gold:   0          SH:  0    Dex: 12    Spells: 16/26 levels left

rFire   . . .        j - +2 morningstar (protect)
rCold   . . .        (no shield)
rNeg    . . .        (helmet restricted)
rPois   .            (no amulet)
rElec   .            k - +2 ring of evasion
rCorr   .            l - +2 ring of protection
SInv    .            (no ring)
Will    .....        (no ring)
Stlth   ++++         (no ring)
HPRegen 0.29/turn    (no ring)
MPRegen 0.18/turn    (no ring)
                     (no ring)

%: no teleportation
@: no status effects
A: almost no armour, amphibious, 8 rings, camouflage 1, gelatinous body 1,
(nimble swimmer 1), tentacles
a: Renounce Religion, Channel Magic, Forget Spell


You were in the Dungeon.
You worshipped Sif Muna.
Sif Muna was most pleased with you.
You visited 1 branch

Inventory:

Hand Weapons
 g - a +0 short sword
 j - a +2 morningstar of protection (weapon)
Jewellery
 k - a +2 ring of evasion (left tentacle)
 l - a +2 ring of protection (right tentacle)
Wands
 i - a wand of iceblast (9)
Scrolls
 f - 2 scrolls of blinking
 h - 2 scrolls of amnesia
Potions
 a - 4 potions of magic
 b - 5 potions of curing
 c - 3 potions of heal wounds
 d - a potion of haste
 e - a potion of invisibility


   Skills:
 + Level 2.3 Fighting
 + Level 2.6 Short Blades
 + Level 7.0 Dodging
 - Level 7.5 Stealth
 + Level 1.7 Unarmed Combat
 * Level 9.4 Spellcasting
 * Level 5.8 Conjurations
 + Level 2.4 Hexes
 + Level 12.4 Fire Magic
 * Level 5.9 Invocations


You had 16 spell levels left.
You knew the following spells:

 Your Spells              Type           Power      Damage    Failure   Level
a - Foxfire               Conj/Fire      100%       2x1d9     1%          1
b - Scorch                Fire           100%       2d9       1%          2
c - Inner Flame           Hex/Fire       41%        N/A       1%          3
d - Flame Wave            Conj/Fire      48%        2d12      1%          4

Your spell library contained the following spells:

 Spells                   Type           Power      Damage    Failure   Level
 Volatile Blastmotes      Fire/Tloc      72%        2d16      1%          3


Dungeon Overview and Level Annotations

Branches:
Dungeon (1/1)

Altars:
Cheibriados
Dithmenos
Elyvilon
Fedhas
Gozag
Hepliaklqana
Kikubaaqudgha
Makhleb
Nemelex Xobeh
Okawaru
Qazlal
Ru
Sif Muna
Trog
Uskayaw
Vehumet
Wu Jian
Xom
Yredelemnul
Zin
The Shining One
Jiyva
Lugonu


Innate Abilities, Weirdness & Mutations

You cannot wear most types of armour.
You are amphibious.
You can wear up to eight rings at the same time.
Your skin changes colour to match your surroundings (Stealth+).
Your rubbery body absorbs attacks. (AC +1, EV +1)
((You are camouflaged when in or above water. (Stealth+)))
You have tentacles for arms and can constrict up to eight enemies at once.


Message History

Casting: Scorch (safe; 1% risk of failure)
Confirm with . or Enter, or press ? or * to list all spells.
Aiming: Inner Flame (safe; 1% risk of failure)
Press: ? - help, Dir - move target, f - five-headed hydra
Aim: a five-headed hydra (severely wounded, chance to affect: 64%)
The five-headed hydra is filled with an intense inner flame!
You feel sick.
The skeletal warrior is engulfed in blazing flames.
Casting: Inner Flame (safe; 1% risk of failure)
Confirm with . or Enter, or press ? or * to list all spells.
Aiming: Inner Flame (safe; 1% risk of failure)
Press: ? - help, Dir - move target, f - skeletal warrior, p - five-headed hydra
Aim: a skeletal warrior, wielding a +0 glaive (lightly damaged, chance to affect: 29%)
The skeletal warrior easily resists.
You feel sick.
You feel sick.
You are no longer poisoned.
The five-headed hydra is engulfed in blazing flames.
Flame seeps out of the five-headed hydra.
Things that are here:
a +0 troll leather armour; a troll corpse
Things that are here:
a +0 orcbow; a centaur corpse
There is an open door to the Dungeon here.
You close the door.
A skeletal warrior breaks down the door.
Aiming: Iceblast
Press: ? - help, Shift-Dir - straight line, f/p - skeletal warrior
Aim: a skeletal warrior, wielding a +0 glaive (lightly damaged)
The mass of ice explodes!
The iceblast engulfs the skeletal warrior but does no damage.
The skeletal warrior is lightly damaged.
The iceblast engulfs the five-headed hydra!
Sif Muna accepts your kill.
You can now freely open your mind to new spells.
The five-headed hydra explodes!
The fiery explosion engulfs the skeletal warrior!!!
The skeletal warrior is severely damaged.
The skeletal warrior hits you from afar with a +0 glaive!!
Ouch! That really hurt!
You die... ▓▓▓▓▓▓▓▓▓▓▓▓▓▓▓▓▓▓▓▓▓▓▓▓▓▓▓▓▓▓▓▓ +..c.).'.c.§§z'@.[[[.)..'_______ ▓▓▓▓▓▓▓▓▓▓▓▓▓▓▓▓▓▓▓▓▓▓▓▓▓▓▓▓▓▓▓▓

You could see a skeletal warrior and a centaur warrior.

Vanquished Creatures
  A hydra (D)
  A centaur warrior (D)
  A queen bee (shapeshifter) (D)
  2 trolls (D)
  A wraith (D)
  A wyvern (D)
  A vampire mosquito (D)
  A centaur (D)
  A killer bee (D)
  2 hounds (D)
  A sleepcap (D)
  An iguana (D)
  An orc (D)
  A giant cockroach (D)
  A hobgoblin (D)
  A kobold (D)
  A quokka (D)
  A frilled lizard (D)
20 creatures vanquished.

Notes
Turn   | Place    | Note
-------+----------+-------------------------------------------
     0 | D        | Conn the Octopode Fire Elementalist began the quest for the
                  | Orb.
     0 | D        | Reached XP level 1. HP: 11/11 MP: 3/3
    12 | D        | Reached skill level 4 in Fire Magic
    46 | D        | Noticed an iguana
    46 | D        | Noticed a sleepcap
    46 | D        | Noticed a hound
    46 | D        | Noticed a hound
    52 | D        | Killed a hound
    53 | D        | Reached skill level 5 in Fire Magic
    53 | D        | Reached XP level 2. HP: 18/18 MP: 6/6
    53 | D        | Reached XP level 3. HP: 22/22 MP: 7/7
    58 | D        | Learned a level 2 spell: Scorch
    62 | D        | Reached skill level 1 in Short Blades
    72 | D        | Reached skill level 6 in Fire Magic
    72 | D        | Reached XP level 4. HP: 15/27 MP: 5/9
    78 | D        | Reached skill level 1 in Fighting
    78 | D        | Reached skill level 5 in Stealth
    78 | D        | Reached skill level 7 in Fire Magic
    78 | D        | Reached XP level 5. HP: 17/33 MP: 1/11
   160 | D        | Learned a level 3 spell: Inner Flame
   165 | D        | Learned a level 4 spell: Flame Wave
   166 | D        | Found a snail-covered altar of Cheibriados.
   166 | D        | Found a shadowy altar of Dithmenos.
   166 | D        | Found a white marble altar of Elyvilon.
   166 | D        | Found a blossoming altar of Fedhas.
   166 | D        | Found an opulent altar of Gozag.
   167 | D        | Found a hazy altar of Hepliaklqana.
   168 | D        | Found a viscous altar of Jiyva.
   169 | D        | Found an ancient bone altar of Kikubaaqudgha.
   170 | D        | Found a corrupted altar of Lugonu.
   171 | D        | Found a burning altar of Makhleb.
   172 | D        | Found a sparkling altar of Nemelex Xobeh.
   173 | D        | Found an iron altar of Okawaru.
   174 | D        | Found a stormy altar of Qazlal.
   175 | D        | Found a sacrificial altar of Ru.
   176 | D        | Found a shimmering blue altar of Sif Muna.
   177 | D        | Found a bloodstained altar of Trog.
   178 | D        | Found a hide-covered altar of Uskayaw.
   179 | D        | Found a radiant altar of Vehumet.
   180 | D        | Found an ornate altar of the Wu Jian Council.
   181 | D        | Found a shimmering altar of Xom.
   182 | D        | Found a basalt altar of Yredelemnul.
   183 | D        | Found a glowing silver altar of Zin.
   184 | D        | Became a worshipper of Sif Muna the Loreminder
   185 | D        | Found a glowing golden altar of the Shining One.
   215 | D        | Noticed a wyvern
   215 | D        | Noticed a troll
   215 | D        | Noticed a wraith
   215 | D        | Noticed a troll
   215 | D        | Noticed a centaur
   219 | D        | Killed a centaur
   220 | D        | Reached skill level 5 in Spellcasting
   220 | D        | Reached skill level 8 in Fire Magic
   220 | D        | Reached XP level 6. HP: 38/38 MP: 3/13
   221 | D        | Killed a troll
   221 | D        | Reached * piety under Sif Muna
   222 | D        | Reached skill level 5 in Dodging
   222 | D        | Reached skill level 1 in Unarmed Combat
   222 | D        | Reached skill level 10 in Fire Magic
   222 | D        | Reached XP level 7. HP: 45/45 MP: 0/16
   228 | D        | Killed a troll
   228 | D        | Killed a wyvern
   229 | D        | Reached skill level 1 in Hexes
   229 | D        | Reached skill level 11 in Fire Magic
   229 | D        | Killed a wraith
   229 | D        | Reached ** piety under Sif Muna
   230 | D        | Reached XP level 8. HP: 50/50 MP: 10/19
   285 | D        | Noticed a centaur warrior
   285 | D        | Noticed a five-headed hydra
   285 | D        | Noticed a skeletal warrior
   285 | D        | Noticed a centaur warrior
   285 | D        | Noticed a queen bee
   290 | D        | Killed a queen bee
   291 | D        | Reached skill level 5 in Conjurations
   291 | D        | Killed a centaur warrior
   292 | D        | Reached skill level 12 in Fire Magic
   292 | D        | Reached skill level 5 in Invocations
   292 | D        | Reached XP level 9. HP: 33/55 MP: 8/22
   303 | D        | Killed a five-headed hydra
   303 | D        | Reached *** piety under Sif Muna
   303 | D        | Slain by a skeletal warrior

Illustrated notes

Levels and vault maps discovered:
D:        linesprint [early_d, line_temple, items_1, d_10, items_2, lair_1,
          lair_end, items_3, orc_1, orc_end, items_4, d_15, swamp_1, shoals_1,
          snake_1, spider_1, d_20, vaults_1, items_5, swamp_end, shoals_end,
          snake_end, spider_end, vaults_end, d_27, items_6, zot_1, zot_end,
          crypt_end, forest_end, elf_end, slime_end, tomb_end, abyss_end,
          pan_hell_end]

Skill      XL: |  1  2  3  4  5  6  7  8 |
---------------+-------------------------+-----
Fire Magic     | 5 6 7 8 10 11 12 | 12.4
Stealth        | 3 4 5 6 7 |  7.5
Spellcasting   | 3 4 5 6 7 9 |  9.4
Short Blades   | 1 2 |  2.6
Dodging        | 3 4 5 6 7 |  7.0
Fighting       | 1 2 |  2.3
Unarmed Combat | 1 |  1.7
Conjurations   | 2 4 5 |  5.8
Hexes          | 1 2 |  2.4
Invocations    | 3 5 |  5.9

Action                     |  1- 3 |  4- 6 |  7- 9 || total
---------------------------+-------+-------+-------++-------
  Melee: Unarmed           |    11 |       |       ||    11
         Tentacles         |     5 |     2 |       ||     7
         Constrict         |     5 |     1 |       ||     6
         Short sword       |     4 |     3 |       ||     7
   Cast: Scorch            |     4 |     3 |     3 ||    10
         Inner Flame       |       |     1 |     4 ||     5
         Flame Wave        |       |     1 |     1 ||     2
 Invoke: Channel Magic     |       |       |     1 ||     1
  Evoke: Wand              |       |       |     1 ||     1
    Use: Potion            |     1 |     1 |       ||     2
   Stab: Sleeping          |     1 |       |       ||     1
 Armour: Skin              |     3 |       |       ||     3
  Dodge: Dodged            |    26 |    10 |     3 ||    39

Table legend: (Time is in decaauts)
 A = Elapsed time spent in this place.
 B = Non-inter-level travel time spent in this place.
 C = Inter-level travel time spent in this place.
 D = Time resting spent in this place.
 E = Time spent auto-exploring this place.
 F = Levels seen in this place.
 G = Mean time per level.
                   A        B        C        D        E       F      G
               +--------+--------+--------+--------+--------+-----+--------+
         Total |    309 |    309 |      0 |    134 |      0 |   1 |  309.0 |
       Dungeon |    309 |    309 |      0 |    134 |      0 |   1 |  309.0 |
               +--------+--------+--------+--------+--------+-----+--------+

Top non-repeatable levels by time:
       D: 309 daAuts
